[Event "Czech Championship 2024"]
[Site "Ostrava"]
[Date "2024.04.29"]
[Round "3.1"]
[White "Neuman, Petr"]
[Black "Hrbek, Stepan"]
[Result "1/2-1/2"]
[ECO "C47"]
[WhiteElo "2429"]
[BlackElo "2407"]
[Annotator "TA"]
[PlyCount "124"]
[EventDate "2024.04.25"]
[EventType "tourn"]
[EventCountry "CZE"]
[SourceTitle "playchess.com"]
[Source "ChessBase"]
[SourceQuality "1"]
[TimeControl "40/5400+30:1800+30"]

1. e4 e5 2. Nf3 Nc6 3. Nc3 Nf6 4. d4 exd4 5. Nxd4 Bb4 6. Nxc6 bxc6 7. Bd3 d5 8. exd5 O-O {[%emt 0:00:12] C47: Scotch Four Knights and Four Knights with 4 g3.} 9. O-O Bg4 10. Be2 Bxe2 11. Nxe2 cxd5 12. Bg5 Re8 13. Nd4 Bd6 14. Qf3 Be5 15. Rad1 Qd7 16. Bxf6 $146 ({Predecessor:} 16. Nf5 Ne4 17. Bc1 Qe6 18. g3 Rad8 19. c4 c6 20. cxd5 cxd5 21. Kg2 Qf6 22. Ne3 Qxf3+ 23. Kxf3 {1-0 Voigt,M (2353)-Fruebing,S (2416) BL2-Nord 1920 2019 (9.6)}) 16... Bxf6 17. c3 Rad8 18. b3 Be5 19. g3 g6 20. Rd3 a5 21. Rfd1 c6 22. Kg2 h5 23. h4 Bg7 24. a3 c5 25. Ne2 d4 26. cxd4 cxd4 27. Nxd4 Bxd4 28. Rxd4 Qxd4 29. Rxd4 Rxd4 30. Qc3 Rd5 31. Qc6 Ree5 32. Qc8+ Kh7 33. Qc3 Rc5 34. Qd3 Rb5 35. Qc3 Re7 36. Qd3 Reb7 37. Qc3 Rb8 38. Qc7 R8b7 39. Qc3 Rxb3 40. Qxa5 R3b5 41. Qa6 R7b6 42. Qa7 Rf6 43. a4 Rbb6 44. Qd7 Ra6 45. Kg1 Rf5 46. Kg2 Ra8 47. f3 Kg8 48. g4 Rfa5 49. Kg3 hxg4 50. fxg4 Rxa4 51. h5 $1 gxh5 52. gxh5 Ra3+ 53. Kf4 R8a4+ 54. Kf5 Ra5+ 55. Kf4 R3a4+ ({Of course not} 55... Rxh5 $6 56. Qg4+ Kf8 57. Qxh5 $16) 56. Kf3 Ra3+ 57. Kf4 R5a4+ ({Much worse is} 57... Rxh5 $6 58. Qg4+ Kf8 59. Qxh5 $16) 58. Kf5 Rf3+ 59. Kg5 $1 Rg3+ 60. Kf5 Rf3+ 61. Kg5 $1 Rg3+ 62. Kf5 Rf3+ 1/2-1/2

[Event "Czech Championship 2024"]
[Site "Ostrava"]
[Date "2024.04.29"]
[Round "3.2"]
[White "Nemec, Jachym"]
[Black "Simacek, Pavel"]
[Result "1/2-1/2"]
[ECO "E05"]
[WhiteElo "2416"]
[BlackElo "2446"]
[Annotator "TA"]
[PlyCount "124"]
[EventDate "2024.04.25"]
[EventType "tourn"]
[EventCountry "CZE"]
[SourceTitle "playchess.com"]
[Source "ChessBase"]
[SourceQuality "1"]
[TimeControl "40/5400+30:1800+30"]

1. d4 Nf6 2. c4 e6 3. Nf3 d5 4. g3 Be7 5. Bg2 O-O 6. O-O dxc4 7. Qc2 a6 8. a4 h6 9. Nbd2 Nc6 10. Qxc4 Qd5 11. e3 Qxc4 12. Nxc4 Rd8 13. a5 Bd7 14. Bd2 Ne4 15. Rfc1 Nxd2 16. Nfxd2 Rab8 17. Nb3 Be8 18. f4 Nb4 19. Ncd2 Bc6 20. Bxc6 Nxc6 21. Ra4 (21. Nc5 $11) 21... Rd5 $15 22. Nc4 Rb5 23. Rc3 Bb4 24. Rc2 f6 (24... Bf8 $15 {is more appropriate.} 25. Rc3 Bb4) 25. Kg2 (25. Na3 $11 {should be considered.} Bxa3 26. Rxa3) 25... Rd8 26. Kf3 Rd7 (26... Be7 $15 27. Rc3 Bb4) 27. g4 (27. Na3 $1 $11 Bxa3 28. Rxa3) 27... g5 (27... Be7 $17 28. Ncd2 g5 29. fxg5 hxg5) 28. Na3 Bxa3 29. Rxa3 gxf4 30. Kxf4 e5+ 31. dxe5 $1 fxe5+ 32. Kf3 Rdd5 (32... Rd3 $5 33. Rc3 $8 Rd1 $11) 33. Ke4 Kf7 (33... Nxa5 34. Nxa5 Rxa5 35. Rxc7 $16) 34. Rc3 Rd1 (34... Nxa5 35. Rxc7+ Kg6 36. Rxa5 Rxa5 37. Nxa5 Rxa5 38. Rxb7 $16) 35. Ra4 Rh1 36. Nc5 Ne7 (36... Rxb2 37. Nxb7 h5 38. Rxc6 $16 (38. gxh5 Rbxh2 39. Rac4 Rh4+ 40. Kf3 e4+ 41. Rxe4 R1h3+ 42. Kg2 Rh2+ 43. Kg3 R4h3+ 44. Kg4 Rh4+ 45. Kg3 R4h3+ 46. Kg4 Rh4+ 47. Kf3 R2h3+ 48. Kg2 Rh2+ 49. Kg3 $11)) (36... Rxa5 37. Rxa5 Nxa5 38. b4 $14 (38. Kxe5 Nc6+ 39. Ke4 Rxh2 $11)) 37. Nd3 (37. Kxe5 $2 b6 38. axb6 cxb6 39. Rxa6 (39. Rf4+ $2 Ke8 $19) 39... Ng6+ (39... Rxc5+ 40. Rxc5 Ng6+ 41. Kd6 $17) (39... bxc5 $2 40. Rxh6 Ng6+ 41. Ke4 $19) 40. Kd5 Rxh2 $17 (40... bxc5 41. Rxc5 Ne7+ 42. Kc4 $17) (40... Rxc5+ 41. Rxc5 bxc5 42. Kxc5 $17)) (37. Rc2 $11 {remains equal.}) 37... Nd5 $1 $17 38. Rc2 Rf1 (38... Nf6+ $1 $17 39. Kf3 e4+ 40. Rxe4 (40. Kg2 $2 exd3 41. Rxc7+ Ke6 $19) 40... Nxe4 (40... Rxa5 $2 41. Rxc7+ Kg8 42. Ree7 $18) 41. Rxc7+ Kf6 42. Kxe4 Rxh2 (42... Rxa5 43. Rxb7 Rxh2 44. Rb6+ Ke7 45. b3 $15)) 39. Nxe5+ $11 (39. Kxe5 $2 Nb4+ (39... Nxe3+ 40. Rc5 $11) 40. Ke4 Nxc2 $19) 39... Ke6 40. Nd3 Nf6+ 41. Kd4 Kd6 (41... Rd1 {is more complex.} 42. e4 Nxg4 43. Rxc7 Rb3) 42. e4 Nxg4 43. Rd2 (43. h3 $11 Ne5 44. Nxe5 Rxe5 45. Ke3) 43... Rf3 (43... c5+ $15 44. Kc3 Rf3) 44. Ra3 ({White should play} 44. b4 $11) 44... h5 45. h4 (45. Kc4 $15 Ke7 46. Ra1) 45... Rh3 46. Kc3 Ne5 (46... Rxh4 $6 47. Nf4+ Kc6 48. Ne6 Rh3+ 49. Kc2 Ne3+ 50. Kb1 Rh1+ 51. Ka2 $11) 47. Kc2 Nxd3 (47... Rxh4 $17 {...Nc4 is the strong threat.} 48. Nf4+ Ke7) 48. Rdxd3+ $15 Rxd3 49. Rxd3+ $17 {[%emt 0:00:26][%mdl 4096] Endgame. KR-KR} Ke6 50. Rg3 Kf6 {[%emt 0:01:46] Prevents Rg7.} 51. Rf3+ {[%emt 0:01:01] [#]} Ke6 (51... Ke5 $142 $1) 52. Rg3 {[%emt 0:00:20] [#]} Rxa5 ({Better is} 52... Ke5 $1 $17 53. Rg7 c6 (53... Kxe4 54. Rxc7 Kf3 55. Rg7 $11)) 53. Rg7 Rc5+ 54. Kd3 a5 55. Kd4 Rb5 ({Black should try} 55... b6 $17 56. b3 Rb5 57. Rxc7 Rxb3) 56. Rxc7 $11 {[%emt 0:00:39] The position is equal.} Rxb2 {[%emt 0:00:20] aiming for ...Rb4+.} 57. Rc5 a4 58. Rxh5 Rb4+ 59. Kc3 Rxe4 60. Rb5 a3 61. Kb3 Ra4 {[%emt 0:00:34] Hoping for ...a2.} 62. Ka2 (62. Kxa4 a2 63. Rb4 (63. Rb6+ $2 Kd5 $19) 63... a1=Q+ $19 (63... a1=B $2 {perishes.} 64. h5 $18)) 62... Rxh4 {[%emt 0:03:25] Weighted Error Value: White=0.22 (precise) /Black=0.20 (precise) .  Mistake:       	White=7     	Black=9      Inaccurate:     	White=9     	Black=5      OK:         	White=15    	Black=12     Best:        	White=5     	Black=4      Strong:       	White=1     	Black=1} 1/2-1/2

[Event "Czech Championship 2024"]
[Site "Ostrava"]
[Date "2024.04.29"]
[Round "3.3"]
[White "Stalmach, Richard"]
[Black "Navara, David"]
[Result "1-0"]
[ECO "A09"]
[WhiteElo "2446"]
[BlackElo "2678"]
[Annotator "TA"]
[PlyCount "89"]
[EventDate "2024.04.25"]
[EventType "tourn"]
[EventCountry "CZE"]
[SourceTitle "playchess.com"]
[Source "ChessBase"]
[SourceQuality "1"]
[TimeControl "40/5400+30:1800+30"]

1. Nf3 d5 2. c4 d4 3. b4 Bg4 4. g3 Bxf3 5. exf3 e6 6. b5 c6 7. Bg2 Bc5 8. O-O {[%emt 0:00:48] White is slightly better.} Ne7 9. f4 O-O 10. d3 Nd7 11. a4 a5 12. Nd2 Bb4 13. Nf3 Bc3 14. Ra2 Qc7 15. h4 h5 16. Ne5 Nxe5 (16... g6 $14) 17. fxe5 $16 Qxe5 {[%emt 0:00:38] [#]} 18. Bg5 $1 $36 {[%emt 0:02:26][%mdl 2048] White is on the roll.} f6 19. Bf4 {[%emt 0:00:57][%cal Bg5f4,Bf4d6,Bd6e7][%mdl 1056] White has strong compensation.} Qf5 {[%emt 0:00:17] This move loses the game for Black.} (19... Qc5 $16) 20. Bd6 $18 Bb4 21. Be4 {[%emt 0:00:27] A strong pair of Bishops.} Qg4 {[%emt 0:00:13] [#]} 22. f3 $1 Qh3 23. c5 (23. Rh2 Qxf1+ 24. Kxf1 Bxd6 $18) 23... e5 24. Bxe7 Rf7 (24... Qe6 $142 25. Bxf8 Rxf8 26. bxc6 bxc6) 25. Qb3 Qd7 26. Bd6 f5 27. bxc6 bxc6 {[%emt 0:00:07] [#]} 28. Raf2 $1 {[%emt 0:00:24][%cal Of3f4] And now f4! would win.} Ra7 {[%emt 0:05:11][%cal Ba8a7,Ba7e7,Be7e6][%mdl 32] [#]} 29. f4 $1 fxe4 30. fxe5 Qh3 31. dxe4 (31. Rxf7 Qxg3+ 32. Kh1 Qxh4+ (32... Qh3+ 33. Kg1 $11) 33. Kg2 Qg4+ 34. Kh1 Qh3+ 35. Kg1 Qg4+ 36. Kh2 Qh4+ 37. Kg1 Qg3+ 38. Kh1 Qh3+ 39. Kg1 Qg3+ 40. Kh1 Qh3+ $11) 31... d3 32. e6 (32. Rxf7 Qxg3+ 33. Kh1 Qh3+ 34. Kg1 Qg4+ (34... Qg3+ 35. Kh1 $11) 35. Kh2 Qxh4+ 36. Kg2 Qg5+ 37. Kh2 Qh4+ 38. Kg2 Qg4+ 39. Kh2 Qh4+ $11) 32... Rxf2 33. Rxf2 {[%emt 0:02:58] White threatens e7+ and mate.} Re7 34. Qxd3 (34. Bxe7 Qxg3+ 35. Rg2 Bxc5+ 36. Bxc5 Qe1+ 37. Kh2 Qxh4+ 38. Kg1 Qe1+ 39. Kh2 Qh4+ 40. Kg1 Qe1+ 41. Kh2 Qh4+ $11) 34... Rxe6 35. e5 Re8 {[%emt 0:01:20] Dodges Rf8+} 36. Qg6 Rd8 37. e6 {[%emt 0:02:25][%cal Oe6e7] White wants to mate with e7!} (37. Qxh5 Qxg3+ 38. Rg2 Qe3+ 39. Kh2 Qf4+ 40. Kh1 Qf1+ 41. Kh2 Qf4+ 42. Kh3 Bxc5 $11) ({Avoid the trap} 37. Rf7 $2 Bxc5+ 38. Rf2 Bxf2+ (38... Be3 39. Qf7+ Kh8 40. Qxh5+ Kg8 41. Qf7+ Kh7 42. Qh5+ Kg8 43. Qf7+ Kh8 44. Qh5+ Kg8 $11) 39. Kxf2 Qg4 40. Qxg4 hxg4 $19) 37... Bxc5 38. Qf7+ Kh7 39. Qxh5+ ({Stronger than} 39. Bxc5 Qxg3+ 40. Kh1 Rd1+ (40... Qxh4+ 41. Rh2 $11) 41. Rf1 Qxh4+ 42. Kg2 Qg5+ (42... Qxa4 43. Qxh5+ Kg8 44. Rf8#) 43. Kh2 Rxf1 44. Qxf1 Qxc5 $11) 39... Kg8 40. Qxc5 Qxe6 41. Be5 {[%emt 0:32:01][%cal Oe5g7] Hoping for Bxg7!} ({Weaker is} 41. Qxa5 Qxd6 42. Kh2 c5 $11) 41... Qg6 42. Kh2 Kh7 43. Qxa5 Rd1 44. Qc7 Qg4 45. Qxc6 {[%emt 0:00:00] Weighted Error Value: White=0.10 (very precise) /Black=0.41.  Loses game:     	---       	Black=1      Mistake:       	---       	Black=2      Inaccurate:     	---       	Black=1      OK:         	White=10    	Black=5      Best:        	White=1     	Black=2      Strong:       	White=2     	---} 1-0

[Event "Czech Championship 2024"]
[Site "Ostrava"]
[Date "2024.04.29"]
[Round "3.4"]
[White "Finek, Vaclav"]
[Black "Kraus, Tomas"]
[Result "1/2-1/2"]
[ECO "A07"]
[WhiteElo "2431"]
[BlackElo "2488"]
[Annotator "TA"]
[PlyCount "60"]
[EventDate "2024.04.25"]
[EventType "tourn"]
[EventCountry "CZE"]
[SourceTitle "playchess.com"]
[Source "ChessBase"]
[SourceQuality "1"]
[TimeControl "40/5400+30:1800+30"]

1. b3 d5 2. Bb2 Nf6 3. Nf3 Bf5 4. g3 e6 5. Bg2 h6 6. O-O Be7 7. d3 O-O 8. Nbd2 Bh7 9. Qe1 c5 10. e4 Nc6 11. Qe2 Rc8 12. a3 b5 13. exd5 Nxd5 14. Ne4 {[%emt 0:06:37] Black is slightly better.} Nf6 (14... Nd4 $5 15. Nxd4 cxd4 $14) 15. a4 a6 16. axb5 axb5 17. Ne5 Nxe5 18. Bxe5 Nxe4 19. Bxe4 Bxe4 20. Qxe4 Bf6 21. Ra6 Bxe5 22. Qxe5 Qd4 23. Re1 ({Not} 23. Rxe6 $2 fxe6 24. Qxe6+ Kh8 $19) 23... Rfd8 24. Qxd4 cxd4 $11 {[%emt 0:08:36][%mdl 4096] Endgame. KRR-KRR} 25. Ra2 Rc7 26. Re2 Rdc8 27. Kf1 Kf8 28. Ke1 Ke7 29. Kd1 Kd6 30. Ra5 Rc5 {[%emt 0:01:27] Weighted Error Value: White=0.09 (flawless) /Black=0.13 (very precise) .  Inaccurate:     	White=2     	Black=3      OK:         	White=5     	Black=4} 1/2-1/2

[Event "Czech Championship 2024"]
[Site "Ostrava"]
[Date "2024.04.29"]
[Round "3.5"]
[White "Jirovsky, Milos"]
[Black "Stocek, Jiri"]
[Result "1-0"]
[ECO "D27"]
[WhiteElo "2450"]
[BlackElo "2531"]
[Annotator "TA"]
[PlyCount "83"]
[EventDate "2024.04.25"]
[EventType "tourn"]
[EventCountry "CZE"]
[SourceTitle "playchess.com"]
[Source "ChessBase"]
[SourceQuality "1"]
[TimeControl "40/5400+30:1800+30"]

1. Nf3 d5 2. d4 Nf6 3. c4 dxc4 4. e3 e6 5. Bxc4 a6 6. O-O Nbd7 7. b3 b5 8. Be2 Bb7 9. a4 b4 10. Bb2 c5 11. Nbd2 Be7 12. Rc1 O-O 13. Rc2 Rc8 14. Qa1 {[%emt 0:03:43] The position is equal.} cxd4 15. Rxc8 Qxc8 16. Bxd4 Qa8 17. Rc1 Rc8 18. Bc4 h6 19. Rc2 Bd6 20. Qc1 Ne4 21. Nxe4 (21. Bxa6 {is more complex.} Rxc2 22. Qxc2 Qxa6 23. Nxe4 e5 24. Ba1) 21... Bxe4 22. Bd3 Rxc2 23. Qxc2 Bxf3 24. gxf3 Be5 25. Bh7+ {[%emt 0:01:49] This pair of bishops is nice.} Kh8 26. Be4 Qb8 {[%emt 0:01:16] Black is weak on the light squares} (26... Qd8 $11) 27. Qc6 $36 {[%emt 0:01:14][%csl LRa6,LRd7][%mdl 2048] White fights for an advantage.} Qd8 28. Bxe5 $1 (28. Qxa6 Bxd4 29. exd4 Qg5+ 30. Kf1 Qc1+ 31. Kg2 Qg5+ 32. Kh3 Qh5+ 33. Kg2 Qg5+ 34. Kh3 Qh5+ 35. Kg3 (35. Kg2 Qg5+ $11) 35... Qg5+ 36. Kh3 $11) 28... Nxe5 29. Qxa6 $16 {[%emt 0:00:04][%mdl 4096] Endgame. Strongly threatening a5. KQB-KQN} Qd1+ $2 {[%emt 0:00:22][%mdl 8192] Black cannot hold the game after this.} ({Black should try} 29... f5 $1 $14 30. Qa8 (30. Qxe6 fxe4 31. Qxe5 exf3 $11) 30... Qxa8 31. Bxa8 Nc4) 30. Kg2 $18 {[%emt 0:08:18] White threatens Qc8+ and mate.} f5 31. Qc8+ (31. Qxe6 fxe4 32. Qxe5 Qxf3+ 33. Kf1 Qd1+ 34. Kg2 Qf3+ 35. Kf1 Qd1+ 36. Kg2 Qf3+ $11) 31... Kh7 {[%emt 0:00:03] [#]} 32. Bxf5+ exf5 33. Qxf5+ Ng6 {[%emt 0:01:29] [#]} 34. h4 $1 {[%emt 0:00:10] Hoping for h5.} Kg8 (34... Qxb3 $2 {too greedy.} 35. h5) 35. Qxg6 Qxb3 {[%emt 0:00:03] KQ-KQ} 36. a5 Qa4 {[%emt 0:00:44] Repels Qe8+} 37. Qe6+ Kf8 $2 (37... Kh8 38. Qb6 b3) 38. Qc8+ Kf7 39. Qc4+ Ke7 40. a6 Kd6 41. Qd4+ Kc6 42. Qxg7 {[%emt 0:00:29] Weighted Error Value: White=0.03 (flawless) /Black=0.23 (precise) .  Loses game:     	---       	Black=1      Mistake:       	---       	Black=2      Inaccurate:     	White=2     	Black=2      OK:         	White=6     	Black=9      Best:        	White=3     	Black=3      Strong:       	White=2     	---        Brilliant:      	White=1     	---} (42. Qe4+ $142 Kd6 43. Qb7) 1-0

[Event "Czech Championship 2024"]
[Site "Ostrava"]
[Date "2024.04.30"]
[Round "4.1"]
[White "Hrbek, Stepan"]
[Black "Stocek, Jiri"]
[Result "0-1"]
[ECO "B96"]
[WhiteElo "2407"]
[BlackElo "2531"]
[Annotator "TA"]
[PlyCount "98"]
[EventDate "2024.04.25"]
[EventType "tourn"]
[EventCountry "CZE"]
[SourceTitle "playchess.com"]
[Source "ChessBase"]
[SourceQuality "1"]
[TimeControl "40/5400+30:1800+30"]

1. e4 c5 2. Nf3 d6 3. d4 cxd4 4. Nxd4 Nf6 5. Nc3 a6 6. Bg5 e6 7. f4 Bd7 8. Qd3 {[%emt 0:04:54] B96: Sicilian Najdorf: 6 Bg5 e6 7 f4, lines other than 7...Qb6 and 7...Be7.} h6 9. Bh4 Be7 10. O-O-O g5 11. fxg5 Ng4 12. Nf3 hxg5 13. Bg3 Nc6 14. Be2 (14. Bxd6 $2 Nf2 15. Qd2 Nxh1 $19) 14... Qb6 15. Rhf1 $146 (15. Bxd6 Nf2 16. Qd2 Nxd1 17. Rxd1 Bxd6 18. Qxd6 O-O-O 19. Nxg5 Qf2 $17) (15. Kb1 $14) ({Predecessor:} 15. h3 Qe3+ 16. Kb1 Qxd3 17. cxd3 Nge5 18. d4 Ng6 19. Na4 g4 20. Ng1 gxh3 21. Nb6 {1-0 Stefansson,H (2523)-Low,Z (2437) Marianske Lazne GM-A2 17th 2018 (8)}) 15... Qe3+ $11 16. Qd2 Nce5 17. Kb1 Qxd2 18. Rxd2 Nxf3 19. gxf3 Ne5 (19... Nxh2 $2 20. Rh1 $18) 20. Nd1 Rc8 21. Ne3 b5 22. b3 Bc6 23. c4 bxc4 24. Nxc4 Nxc4 25. Bxc4 Bb5 26. Rc1 Bxc4 27. Rxc4 Rxc4 28. bxc4 Rh3 29. Kc2 f5 30. Bxd6 Rxf3 31. Bxe7 Kxe7 32. exf5 exf5 33. c5 Rh3 34. Kb2 (34. a4 $11 {remains equal.}) 34... g4 (34... Ke6 $17) 35. c6 $11 Rh6 36. Rd5 $1 f4 37. Rd7+ Ke6 38. Rd2 $2 (38. Kc3 $1 $11 {and White stays safe.}) 38... Rh7 (38... Rh8 $1 $19 {White must now prevent ...f3.} 39. Rc2 f3) 39. Rd4 (39. Rc2 $17 {was the only chance.} Kd6 40. Rc4) 39... Ke5 $1 $19 (39... Rxh2+ 40. Kc3 Rh7 (40... Rxa2 $2 41. c7 $18) 41. Rxf4 $11) 40. Rc4 $2 (40. Rd7 Rxh2+ 41. Kc3) 40... Rxh2+ $19 41. Kc3 g3 (41... Rxa2 $2 {too greedy.} 42. c7 Ra1 43. c8=Q $18 (43. c8=R g3 $18)) (41... Rh3+ 42. Kd2 Rh2+ 43. Kd3 $11) 42. c7 {[%emt 0:00:19] [#]} Rh8 $1 43. Kd2 f3 (43... g2 $2 44. Rc1 $19) 44. Rc1 Kd4 ({Not} 44... Rc8 45. Ke3 $15) 45. Rh1 Rf8 ({Inferior is} 45... Rxh1 46. c8=Q Rh2+ 47. Kc1 $11) 46. Rh4+ {[%emt 0:02:28] [#]} Ke5 $1 47. Rh5+ Kf4 48. Ke1 Re8+ 49. Kf1 g2+ 0-1

[Event "Czech Championship 2024"]
[Site "Ostrava"]
[Date "2024.04.30"]
[Round "4.2"]
[White "Kraus, Tomas"]
[Black "Jirovsky, Milos"]
[Result "1-0"]
[ECO "C10"]
[WhiteElo "2488"]
[BlackElo "2450"]
[Annotator "RC"]
[PlyCount "95"]
[EventDate "2024.04.25"]
[EventType "tourn"]
[EventCountry "CZE"]
[SourceTitle "playchess.com"]
[Source "ChessBase"]
[SourceQuality "1"]
[TimeControl "40/5400+30:1800+30"]

1. e4 e6 2. d4 d5 3. Nd2 dxe4 4. Nxe4 Nd7 5. Nf3 Ngf6 6. Nxf6+ Nxf6 7. g3 b6 8. Bb5+ Bd7 9. a4 a6 10. Be2 Bc6 11. O-O Bb7 12. Ne5 Nd7 13. Bf3 Bxf3 14. Qxf3 Nxe5 15. dxe5 Qd5 16. Qe2 Be7 17. Rd1 Qc6 18. Qg4 g5 19. Qe2 h5 20. h3 g4 21. h4 O-O 22. Bf4 Rfd8 23. b3 a5 24. c4 Kg7 25. Rac1 Rac8 26. Rf1 Rd4 27. f3 Bc5 28. Kh2 gxf3 29. Rxf3 Qe4 30. Qxe4 Rxe4 31. Bg5 Kg8 32. Rcf1 Rxe5 33. Rxf7 Re2+ 34. Kh3 Rf8 35. Rxf8+ Bxf8 36. g4 hxg4+ 37. Kxg4 Bd6 38. Kh5 Kg7 39. Bh6+ Kg8 40. Kg6 Rg2+ 41. Bg5 Bg3 42. Rd1 Bd6 43. Re1 e5 44. Rf1 Rg3 45. Rf7 e4 46. Rg7+ Kf8 47. Rd7 Be7 48. Rxe7 1-0

[Event "Czech Championship 2024"]
[Site "Ostrava"]
[Date "2024.04.30"]
[Round "4.3"]
[White "Navara, David"]
[Black "Finek, Vaclav"]
[Result "1-0"]
[ECO "A11"]
[WhiteElo "2678"]
[BlackElo "2431"]
[Annotator "TA"]
[PlyCount "59"]
[EventDate "2024.04.25"]
[EventType "tourn"]
[EventCountry "CZE"]
[SourceTitle "playchess.com"]
[Source "ChessBase"]
[SourceQuality "1"]
[TimeControl "40/5400+30:1800+30"]

1. Nf3 Nf6 2. c4 c6 3. Nc3 d5 4. e3 e6 5. b3 Bd6 6. Bb2 O-O 7. Be2 Nbd7 8. Qc2 Qe7 9. Rg1 e5 10. g4 Nb6 {[%emt 0:14:12] The position is equal.} 11. g5 Nfd7 12. cxd5 cxd5 (12... Nxd5 $11 13. Ne4 Ba3) 13. Nb5 $16 Re8 14. a4 Nf8 15. a5 Nbd7 16. h4 d4 17. Rc1 {[%emt 0:18:08] White has more active pieces.} (17. exd4 e4 18. Ne5 (18. Nxd6 $2 exf3 19. Qd3 Qxd6 $19) 18... Nxe5 19. dxe5 Bxe5 20. Bxe5 Qxe5 $17) 17... Nb8 ({Better is} 17... a6 $14 18. Nxd6 Qxd6) 18. Qxc8 (18. exd4 $6 exd4 19. Nbxd4 (19. Nfxd4 Nc6 $17) 19... Bd7 $11) (18. h5 $16) 18... Rxc8 $11 19. Rxc8 {[%emt 0:00:05] [#] aiming for h5.} Qd7 20. Bc4 {[%emt 0:03:16] Some like it hot} g6 $2 (20... Qxc8 21. Nxd6 Qh3 22. Bxf7+ Kh8 23. Bd5 $18) (20... Bb4 $1 $11 21. Nxe5 (21. Rc7 Qf5 $11) 21... Qxc8 22. Bxf7+ Kh8) 21. h5 $18 {[%emt 0:06:54] White is clearly winning.} a6 {[%emt 0:03:36] Black is weak on the dark squares} 22. Nxd6 Qxd6 23. hxg6 hxg6 24. Rh1 {[%emt 0:01:32][%cal Of3e5] [#] Threatens to win with Nxe5!} (24. exd4 Qd7 25. Rxf8+ Kxf8 26. Nxe5 (26. dxe5 $2 {perishes.} Qf5 $19) 26... Qh3 $14 (26... Qf5 $2 27. Bd3 $18)) 24... Qd7 25. Nxe5 Qxc8 26. Nxf7 {[%emt 0:00:07] Threatening mate with Rh8+.} Qxc4 27. Nh6+ Kh7 28. bxc4 Nc6 29. Nf5+ Kg8 30. Nxd4 {[%emt 0:00:10] Weighted Error Value: White=0.33/Black=0.47.  Loses game:     	---       	Black=1      Mistake:       	White=1     	Black=2      Inaccurate:     	White=2     	Black=2      OK:         	White=4     	Black=3      Best:        	White=2     	---} 1-0

[Event "Czech Championship 2024"]
[Site "Ostrava"]
[Date "2024.04.30"]
[Round "4.4"]
[White "Simacek, Pavel"]
[Black "Stalmach, Richard"]
[Result "0-1"]
[ECO "E20"]
[WhiteElo "2446"]
[BlackElo "2446"]
[Annotator "TA"]
[PlyCount "77"]
[EventDate "2024.04.25"]
[EventType "tourn"]
[EventCountry "CZE"]
[SourceTitle "playchess.com"]
[Source "ChessBase"]
[SourceQuality "1"]
[TimeControl "40/5400+30:1800+30"]

1. d4 Nf6 2. c4 e6 3. Nc3 Bb4 4. f3 c5 5. d5 b5 6. e4 $1 d6 7. Bd2 a6 8. a4 {[%emt 0:01:04] The position is equal.} Bxc3 9. Bxc3 b4 10. Bd2 Nbd7 11. Be3 Ne5 12. Be2 (12. dxe6 $11 Bxe6 13. b3) 12... exd5 $1 $15 {[%emt 0:12:10] Black converts the advantage convincingly.} 13. cxd5 O-O 14. g3 Qe7 15. Kf2 Ne8 {[%emt 0:01:31] Black is more active. Excellent horsemanship.} 16. Kg2 (16. g4 $17) 16... f5 $19 17. Nh3 (17. exf5 $142 Bxf5 18. f4) 17... fxe4 18. f4 {[%emt 0:07:22] [#]} Nd3 19. Qb3 (19. Nf2 Nxb2) 19... Nc7 20. Rhd1 (20. Rhe1 {is a better defense.}) 20... Bb7 21. Bxd3 (21. Kg1 $142) 21... exd3 22. Kf2 Nxd5 23. Rxd3 Kh8 24. Rxd5 Qe6 25. Ng5 Qxd5 26. Qxd5 Bxd5 27. Rd1 Bg8 28. Rxd6 c4 29. a5 (29. Rb6 $142) 29... Rfd8 30. Rb6 Rab8 31. Ne4 {[%emt 0:05:58] [#]} c3 $1 32. bxc3 b3 {[%emt 0:00:12] White must now prevent ...Rxb6.} 33. Bc1 Rxb6 34. axb6 {[%emt 0:00:03] KRB-KBN} Rb8 35. Ke3 Rxb6 {[%emt 0:00:08] ...b2 would now be deadly.} 36. Bb2 a5 37. Nd2 a4 38. c4 a3 39. Kd4 $2 {[%emt 0:04:21] Weighted Error Value: White=0.43/Black=0.30.  Mistake:       	White=7     	---        OK:         	White=6     	Black=17     Best:        	White=2     	Black=2      Strong:       	---       	Black=1} (39. Bxa3 b2 40. Bxb2 Rxb2 41. g4) 0-1

[Event "Czech Championship 2024"]
[Site "Ostrava"]
[Date "2024.04.30"]
[Round "4.5"]
[White "Neuman, Petr"]
[Black "Nemec, Jachym"]
[Result "1-0"]
[ECO "B21"]
[WhiteElo "2429"]
[BlackElo "2416"]
[Annotator "TA"]
[PlyCount "75"]
[EventDate "2024.04.25"]
[EventType "tourn"]
[EventCountry "CZE"]
[SourceTitle "playchess.com"]
[Source "ChessBase"]
[SourceQuality "1"]
[TimeControl "40/5400+30:1800+30"]

1. e4 c5 2. Be2 Nc6 3. f4 d5 4. d3 g6 5. Nf3 Bg7 6. c3 e6 7. e5 Nge7 8. d4 {[%emt 0:09:43] The position is equal.} cxd4 9. cxd4 Qb6 10. Nc3 Nf5 11. Na4 Qb4+ 12. Bd2 (12. Kf2 {looks sharper.} b5 13. Nc3 Ncxd4 14. a3) 12... Qe7 13. Bb5 Bd7 14. Bxc6 Bxc6 15. O-O h5 16. Nc3 O-O 17. Qe2 Rfc8 18. Be1 b6 19. g3 Bb7 20. Bf2 Rc4 21. Rfc1 Rac8 22. h3 Ba6 23. Qd2 b5 24. a3 Qb7 25. Na2 Bf8 26. Nb4 Qb6 27. Kg2 Bb7 28. g4 hxg4 29. hxg4 Nh6 30. Kg3 Rxc1 31. Rxc1 Rxc1 32. Qxc1 a5 33. Nd3 {[%emt 0:00:05][%cal Bb4d3,Bd3c5,Bc5d7][%mdl 32] Be3 would now be deadly.} b4 {[%emt 0:00:04] [#]} (33... Kg7 $16 34. Be3 Ng8) 34. axb4 $1 $18 axb4 {[%emt 0:00:19] [#]} 35. Be3 $1 Ba6 36. Nc5 Be2 $2 (36... Qa7 37. f5 Nxg4) 37. Nd7 {[%emt 0:00:53] White threatens Qc8 and mate. Excellent horsemanship.} Qb5 38. Qc8 {[%emt 0:00:40] Weighted Error Value: White=0.03 (flawless) /Black=0.35.  Mistake:       	---       	Black=2      Inaccurate:     	White=1     	Black=3      OK:         	White=12    	Black=10     Best:        	White=3     	Black=1      Strong:       	White=2     	---} (38. Nf6+ $142 Kg7 39. f5 Ng8 40. Qh1 (40. Qc8 Qd3 $17) 40... Nxf6 41. exf6+ Kxf6 42. Qh4+ Kg7 43. f6+ Kg8 44. Ng5) 1-0